 Dungeon Crawl Stone Soup version 0.25-a0-975-gcae8493d64 (webtiles) character file.

Game seed: 7006755670230419026, levelgen mode: deterministic

1677 Flugslaktarn the Cleaver (level 9, -4/72 HPs)
             Began as a Barachi Fighter on May 9, 2020.
             Was an Initiate of Gozag.
             Killed from afar by an electric eel (10 damage)
             ... with a bolt of electricity
             ... on level 6 of the Dungeon.
             The game lasted 00:03:43 (7473 turns).

Flugslaktarn the Cleaver (Barachi Fighter)          Turns: 7473, Time: 00:03:44

Health: -4/72      AC: 16    Str: 18    XL:     9   Next: 1%
Magic:  9/9        EV:  4    Int:  8    God:    Gozag
Gold:   98         SH: 10    Dex: 15    Spells: 8/8 levels left

rFire    . . .     SeeInvis .   a - +1 war axe
rCold    + . .     Gourm    .   l - +0 kite shield
rNeg     . . .     Faith    .   p - +0 plate armour
rPois    .         Spirit   .   (no helmet)
rElec    .         Reflect  .   h - +2 cloak {MR+}
rCorr    +         Harm     .   (no gloves)
MR       +....                  (no boots)
Stlth    ..........             (no amulet)
HPRegen  0.22/turn              k - ring of resist corrosion
MPRegen  0.11/turn              c - ring of protection from cold

@: gold aura, slow
A: +LOS, swims, slowness 1, strong legs 1
a: Hop, Potion Petition, Call Merchant, Bribe Branch, Renounce Religion


You were on level 6 of the Dungeon.
You worshipped Gozag.
Gozag was noncommittal.
You were hungry.

You visited 2 branches of the dungeon, and saw 7 of its levels.

You collected 379 gold pieces.
You spent 210 gold pieces at shops.
You paid 71 gold pieces to Gozag.

Inventory:

Hand Weapons
 a - a +1 war axe (weapon)
Armour
 h - a +2 cloak of magic resistance (worn)
   (You found it on level 1 of the Dungeon)
 l - a +0 kite shield (worn)
 p - a +0 plate armour (worn)
   (You found it on level 5 of the Dungeon)
Jewellery
 c - a ring of protection from cold (right hand)
   (You found it on level 2 of the Dungeon)
 k - a ring of resist corrosion (left hand)
   (You found it on level 1 of the Dungeon)
Wands
 b - a wand of paralysis (7)
   (You found it on level 5 of the Dungeon)
 v - a wand of acid (2)
   (You found it on level 4 of the Dungeon)
Scrolls
 f - 2 scrolls of enchant armour
 i - 2 scrolls of fog
 j - a scroll of enchant weapon
 m - a scroll of immolation
 t - 2 scrolls of teleportation
 u - a scroll of magic mapping
 z - a scroll of blinking
Potions
 d - a potion of might
 g - a potion of resistance {unknown}
 n - 3 potions of flight
 q - 2 potions of curing
Comestibles
 e - 17 rations


   Skills:
 + Level 7.0 Fighting
 * Level 8.0 Axes
 + Level 7.0 Armour
 + Level 6.3 Shields


You had 8 spell levels left.
You didn't know any spells.
Your spell library was empty.

Dungeon Overview and Level Annotations

Branches:
Dungeon (6/15)             Temple (1/1) D:4

Altars:
Ashenzari
Cheibriados
Gozag
Hepliaklqana
Kikubaaqudgha
Nemelex Xobeh
Qazlal
Ru
Uskayaw
Vehumet
Xom
Yredelemnul

Shops:
D:5 ?


Innate Abilities, Weirdness & Mutations

You can be seen from farther away. (+LOS)
You can swim through water.
You cover ground slowly.
You can hop short distances.


Message History

The bolt of electricity hits you!
The electric eel shoots out a bolt of lightning at you!
The bolt of electricity hits you.
The electric eel shoots out a bolt of lightning at you!
The bolt of electricity hits you.
The electric eel shoots out a bolt of lightning at you!
The bolt of electricity hits the electric eel.
The electric eel completely resists.
The bolt of electricity hits you!
* * * LOW HITPOINT WARNING * * *
The electric eel shoots out a bolt of lightning at you!
The bolt of electricity hits you!
* * * LOW HITPOINT WARNING * * *
The electric eel shoots out a bolt of lightning at you!
The bolt of electricity hits the electric eel.
The electric eel completely resists.
The bolt of electricity hits you.
* * * LOW HITPOINT WARNING * * *
The electric eel shoots out a bolt of lightning at you!
The bolt of electricity hits you!
You die...
Your body crumbles into a pile of gold.

#≈≈≈≈≈≈## ##≈;≈≈≈≈≈#
#≈≈≈≈≈≈≈≈## #≈≈≈≈≈≈≈≈≈#
≈≈≈≈≈≈≈≈≈# #≈;≈≈≈≈≈≈##
$$$#≈≈≈≈≈≈≈≈≈#
$$$#≈≈≈≈≈≈≈≈≈#
###########$$$#≈@≈≈≈≈≈≈≈#
≈≈≈≈≈≈≈≈≈≈#####≈≈≈≈≈≈≈≈≈#
≈≈≈≈≈≈≈≈≈≈≈≈≈≈≈≈≈$$≈≈≈≈≈#
≈≈≈≈≈≈≈≈≈≈≈≈≈≈≈≈≈≈≈≈≈≈≈≈#
≈≈.≈≈≈≈≈≈≈≈.≈≈.≈.≈≈≈≈≈≈.#
...!............$.......#
......:.............$...#
....##.#.######.#######.#
.### #..........# .#


You could see 2 electric eels.

Vanquished Creatures
  Pikel (D:5)
  Sigmund (D:3)
  Edmund (D:5)
  A phantom (D:5)
  3 slaves
  A big kobold (D:5)
  A scorpion (D:5)
  2 electric eels (D:6)
  A crimson imp (D:5)
  2 hounds
  An orc priest (D:5)
  5 orc wizards
  Ijyb (D:5)
  Natasha (thrice) (D:3)
  5 worker ants
  4 gnolls (D:5)
  7 adders
  A river rat (D:3)
  A shadow imp (D:5)
  An ooze (D:3)
  2 adder zombies
  A worm (D:2)
  A leopard gecko (D:5)
  17 orcs
  A ball python (D:1)
  9 bats
  4 giant cockroaches
  4 goblins
  10 hobgoblins
  7 jackals
  3 frilled lizards
  15 kobolds
  7 rats
124 creatures vanquished.

Vanquished Creatures (others)
  A phantom (D:5)
  A crimson imp (D:5)
  A worker ant (D:5)
  An adder (D:5)
4 creatures vanquished.

Grand Total: 128 creatures vanquished

Notes
Turn   | Place    | Note
-------+----------+-------------------------------------------
     0 | D:1      | Flugslaktarn the Barachi Fighter began the quest for the
                  | Orb.
     0 | D:1      | Reached XP level 1. HP: 18/18 MP: 1/1
   295 | D:1      | Reached XP level 2. HP: 25/25 MP: 2/2
   836 | D:1      | Reached XP level 3. HP: 30/30 MP: 3/3
  1595 | D:2      | Reached skill level 3 in Axes
  1957 | D:2      | Found a stormy altar of Qazlal.
  2564 | D:3      | Reached XP level 4. HP: 17/37 MP: 4/4
  2838 | D:3      | Noticed Natasha
  2848 | D:3      | Killed Natasha
  3023 | D:3      | Reached XP level 5. HP: 43/43 MP: 5/5
  3041 | D:3      | Noticed Sigmund
  3054 | D:3      | Killed Sigmund
  3054 | D:3      | Reached skill level 4 in Axes
  3054 | D:3      | Reached XP level 6. HP: 35/50 MP: 6/6
  3093 | D:3      | Noticed Natasha
  3101 | D:3      | Killed Natasha
  3511 | D:3      | Reached skill level 5 in Fighting
  3511 | D:3      | Reached skill level 5 in Armour
  3621 | D:3      | Noticed Natasha
  3649 | D:3      | Killed Natasha
  3649 | D:3      | Reached skill level 5 in Axes
  4065 | D:4      | Found a staircase to the Ecumenical Temple.
  4100 | Temple   | Entered the Ecumenical Temple
  4209 | Temple   | Became a worshipper of Ru the Awakened
  4394 | D:4      | Reached XP level 7. HP: 50/56 MP: 7/7
  4848 | D:5      | Entered Level 5 of the Dungeon
  4868 | D:5      | Reached skill level 5 in Shields
  5035 | D:5      | Found a sparkling altar of Nemelex Xobeh.
  5080 | D:5      | Noticed Pikel
  5090 | D:5      | Reached skill level 6 in Axes
  5582 | D:5      | Killed Pikel
  5582 | D:5      | Reached skill level 7 in Axes
  5582 | D:5      | Reached XP level 8. HP: 14/64 MP: 8/8
  5992 | D:5      | Found an opulent altar of Gozag.
  5996 | D:5      | Found a shimmering altar of Xom.
  6003 | D:5      | Noticed Ijyb
  6023 | D:5      | Killed Ijyb
  6245 | D:5      | Fell from the grace of Ru
  6245 | D:5      | Became a worshipper of Gozag Ym Sagoz the Greedy
  6797 | D:5      | Found Xybomuad's Magic Scroll Shoppe.
  6797 | D:5      | Noticed Edmund
  6806 | D:5      | Killed Edmund
  6818 | D:5      | Bought a scroll of enchant armour for 105 gold pieces
  6818 | D:5      | Bought a scroll of enchant armour for 105 gold pieces
  7470 | D:6      | Reached skill level 8 in Axes
  7470 | D:6      | Reached XP level 9. HP: 51/72 MP: 9/9
  7473 | D:6      | Killed from afar by an electric eel

Illustrated notes

Levels and vault maps discovered:
D:1:      lightli_arrival_lavapool, layout_basic, serial_forest,
          infiniplex_forest_lined_room_3, infiniplex_forest_straight_2,
          infiniplex_forest_clump_diagonal, infiniplex_forest_lined_room_2,
          infiniplex_forest_lined_room_2, infiniplex_forest_clump_curved,
          infiniplex_forest_clump_medium, infiniplex_forest_clump_small,
          dk_noncrumbling_3
D:2:      layout_basic, nicolae_overflow_crystal_walls, serial_co_window_serial,
          co_window_paths_b, co_window_paths_a, co_window_corner_a,
          co_window_corner_a, co_window_paths_a, co_window_broadway_c,
          co_window_of_opportunity_b, co_window_2corner, co_window_corner_b,
          co_window_cross_3, co_window_corner_b, glass_columns_a,
          glass_columns_a
D:3:      layout_loops_ring, gup_sewer_entry_bubbles, grunt_ministairs_14,
          uniq_sigmund, uniq_natasha
D:4:      layout_rooms, minmay_temple_entry_junction, first_ration
D:5:      layout_basic, nemelex_xobeh_ov_fountains_minmay, kennysheep_mini,
          serial_shops, nicolae_shop_waterfront, corexii_corridor_pit,
          xom_teletrap_fun, uniq_ijyb, uniq_pikel, uniq_edmund
D:6:      minmay_goblin_kobold_castle, layout_loops_ring, zin_scriptorium,
          nicolae_overflow_hidden_temple, nicolae_ru_great_annihilating_truth
Temple:   nicolae_temple_figure_zero

Skill      XL: |  1  2  3  4  5  6  7  8 |
---------------+-------------------------+-----
Axes           | 3 4 5 7 8 |  8.0
Fighting       | 4 5 6 7 |  7.0
Armour         | 4 5 6 7 |  7.0
Shields        | 4 5 6 |  6.3

Action                   |  1- 3 |  4- 6 |  7- 9 || total
-------------------------+-------+-------+-------++-------
Melee: War axe           |   131 |   184 |   238 ||   553
 Abil: Hop               |       |       |     2 ||     2
Evoke: Wand              |       |       |     2 ||     2
  Use: Potion            |       |       |     2 ||     2
       Scroll            |       |       |    11 ||    11
  Eat: Chunk             |     3 |     7 |     3 ||    13
       Ration            |     1 |       |     2 ||     3
Armor: Scale mail        |     9 |       |       ||     9
       Chain mail        |    89 |   114 |    99 ||   302
       Plate armour      |       |       |    53 ||    53
Dodge: Dodged            |    34 |    40 |    37 ||   111
Block: Kite shield       |    96 |   104 |   140 ||   340

Table legend:
 A = Non-vault XP
 B = Vault XP
 C = Vault XP percentage of total XP
 D = Non-vault monster count
 E = Vault monster count
 F = Vault count percentage of total count
                 A         B        C        D         E       F
            +---------+---------+-------+---------+---------+-------
      Total |    1312 |    1085 |  45.3 |     109 |      12 |   9.9
            +---------+---------+-------+---------+---------+-------
        D:1 |      37 |       0 |   0.0 |      24 |       0 |   0.0
        D:2 |      22 |       0 |   0.0 |      12 |       0 |   0.0
        D:3 |     200 |     298 |  59.8 |      22 |       9 |  29.0
        D:4 |     149 |       0 |   0.0 |      15 |       0 |   0.0
        D:5 |     749 |     787 |  51.2 |      32 |       3 |   8.6
        D:6 |     155 |       0 |   0.0 |       4 |       0 |   0.0
            +---------+---------+-------+---------+---------+-------
